 Dungeon Crawl Stone Soup version 0.32-a0-931-g5a2cda0630 (webtiles) character file.

Game seed: 10286578115693156520

114 Biggs the Sneak (level 4, 0/23 HPs)
             Began as a Vine Stalker Brigand on Apr 13, 2024.
             Slain by a hobgoblin (5 damage)
             ... led by Robin
             ... on level 3 of the Dungeon.
             The game lasted 00:04:28 (914 turns).

Biggs the Sneak (Vine Stalker Brigand)               Turns: 914, Time: 00:04:28

Health: 0/23       AC:  5    Str: 13    XL:     4   Next: 98%
Magic:  0/5        EV: 10    Int: 11    God:
Gold:   75         SH:  0    Dex: 18    Spells: 3/3 levels left

rFire   . . .        h - +0 dagger (drain)
rCold   . . .        (no shield)
rNeg    . . .        m - +0 leather armour
rPois   .            (no helmet)
rElec   .            c - +0 cloak
rCorr   .            (no gloves)
SInv    .            n - +0 pair of boots
Will    .....        (no amulet)
Stlth   +++          (no ring)
HPRegen 1.03/turn    (no ring)
MPRegen 0.09/turn

%: guardian spirit
@: no status effects
A: fangs 2, regeneration 1, magic shield, antimagic bite, no potion heal 2
a: no special abilities


You were on level 3 of the Dungeon.
You visited 1 branch of the dungeon, and saw 3 of its levels.

You collected 75 gold pieces.

Inventory:

Hand Weapons
 a - a +2 dagger
 h - a +0 dagger of draining (weapon)
 o - a +0 rapier
Missiles
 d - 15 poisoned darts (quivered)
 e - 3 curare-tipped darts
Armour
 b - a +0 robe
 c - a +0 cloak (worn)
 m - a +0 leather armour (worn)
 n - a +0 pair of boots (worn)
Wands
 p - a wand of iceblast (13)
Scrolls
 i - a scroll of immolation {unknown}
 j - 2 scrolls of teleportation {unknown}
 k - a scroll of vulnerability {unknown}
 l - 3 scrolls of identify {unknown}
 q - a scroll of blinking {unknown}
 r - a scroll of torment {unknown}
Potions
 f - a potion of attraction {unknown}
 g - a potion of enlightenment {unknown}


   Skills:
 - Level 1.7 Fighting
 + Level 4.5 Short Blades
 - Level 1.7 Throwing
 - Level 0.7 Dodging
 - Level 4.8 Stealth


You had 3 spell levels left.
You didn't know any spells.
Your spell library contained the following spells:

 Spells                   Type           Power      Damage    Failure   Level
 Kiss of Death            Conj/Necr      0%         2d5       41%         1
 Confusing Touch          Hex            0%         N/A       80%         3
 Dispel Undead            Necr           0%         3d6       99%         4


Dungeon Overview and Level Annotations

Branches:
Dungeon (3/15)

Altars:

Shops:
D:3 *

Annotations:
D:3 Robin


Innate Abilities, Weirdness & Mutations

You have extremely sharp teeth.
Your natural rate of healing is unusually fast.
When hurt, damage is shared between your health and your magic reserves.
Your bite disrupts and absorbs the magic of your enemies.
Potions cannot restore your health.


Message History

A hobgoblin comes into view.
Found Gaiplom's Assorted Antiques.
The hobgoblin shouts!
The rat misses you. Robin closely misses you.
Unknown command.
Unknown command.
You hit Robin. You bite Robin. You drain their power.
You feel invigorated.
Robin is lightly wounded.
The hobgoblin hits you. The rat bites you but does no damage. Robin misses you.
You barely miss Robin. You bite Robin. You drain their power.
You feel invigorated.
Robin is moderately wounded.
The rat bites you but does no damage. Robin hits you with a +0 whip.
The hobgoblin closely misses you.
You hit Robin. You drain Robin. You bite Robin, but do no damage.
Robin is heavily wounded.
You completely miss Robin.
Robin is heavily wounded.
The hobgoblin barely misses you. The rat bites you.
The rat twitches its whiskers.
Robin throws the goblin at you! The goblin hits you but does no damage.
You hit Robin but do no damage.
Robin is heavily wounded.
The goblin closely misses you. The rat closely misses you.
The hobgoblin hits you. The goblin closely misses you.
You hit Robin but do no damage. You bite Robin. You drain their power.
You feel invigorated.
Robin is heavily wounded.
The goblin hits you with a +0 club. The rat completely misses you.
The hobgoblin barely misses you. The goblin hits you with a +0 club.
Robin hits you but does no damage.
Unknown command.
You hit Robin. You drain Robin.
Robin is severely wounded.
You hit Robin but do no damage. Your bite misses Robin.
Robin is severely wounded.
The goblin hits you with a +0 club.
* * * LOW HITPOINT WARNING * * *
The rat bites you. The hobgoblin hits you.
You die... ##. ## #.... #.. ..PPP.#.# #..∩P.#.# ..PP. .r. #.....#g# #...#g### #.ggrgg#

##### ###g@#.#
.....##..g##.#######
#....###.........
###............$.
.######.###...(.....
##
......#.###.........
.. #....##......<..
. ###......#######
#. ###..####.#


You could see Robin (very drained), 3 hobgoblins, 4 goblins and 2 rats.

Vanquished Creatures
  Terence (D:3)
  Ijyb (D:3)
  2 ribbon worms (D:2)
  A dart slug (D:2)
  4 endoplasms
  2 giant cockroaches (D:2)
  6 goblins
  7 hobgoblins
  10 jackals
  2 quokkas
  4 ball pythons
  4 bats
  3 frilled lizards
  2 kobolds
  3 rats
52 creatures vanquished.

Notes
Turn   | Place    | Note
-------+----------+-------------------------------------------
     0 | D:1      | Biggs the Vine Stalker Brigand began the quest for the Orb.
     0 | D:1      | Reached XP level 1. HP: 11/11 MP: 2/2
   170 | D:1      | Reached XP level 2. HP: 12/15 MP: 3/3
   391 | D:2      | Reached XP level 3. HP: 18/18 MP: 4/4
   803 | D:3      | Reached XP level 4. HP: 23/23 MP: 5/5
   822 | D:3      | Noticed Terence
   827 | D:3      | Noticed Ijyb
   854 | D:3      | Killed Ijyb
   872 | D:3      | Killed Terence
   898 | D:3      | Noticed Robin
   906 | D:3      | Found Gaiplom's Assorted Antiques.
   914 | D:3      | Slain by a hobgoblin

Illustrated notes

Levels and vault maps discovered:
D:1:      dpeg_arrival_windows_large_door, layout_loops_cross,
          grunt_decor_fettered
D:2:      layout_loops_corners, minmay_hexomino_r4
D:3:      layout_rooms, marbit_many_paths, serial_shops,
          nicolae_shop_overgrown_old_shop, uniq_grinder, uniq_robin,
          uniq_terence, uniq_ijyb

Skill      XL: |  1  2  3  4 |
---------------+-------------+-----
Short Blades   | 2 3 4 |  4.5
Fighting       | |  1.7
Throwing       | |  1.7
Dodging        | |  0.7
Stealth        | |  4.8

Action                     |  1- 3 |  4- 6 || total
---------------------------+-------+-------++-------
  Melee: Dagger            |   118 |    57 ||   175
         Bite              |    30 |    19 ||    49
   Stab: Sleeping          |     5 |       ||     5
 Armour: Robe              |    54 |       ||    54
         Leather armour    |     2 |    40 ||    42
  Dodge: Dodged            |    65 |    32 ||    97

Table legend: (Time is in decaauts)
 A = Elapsed time spent in this place.
 B = Non-inter-level travel time spent in this place.
 C = Inter-level travel time spent in this place.
 D = Time resting spent in this place.
 E = Time spent auto-exploring this place.
 F = Levels seen in this place.
 G = Mean time per level.
                   A        B        C        D        E       F      G
               +--------+--------+--------+--------+--------+-----+--------+
         Total |    883 |    883 |      0 |      0 |      0 |   3 |  294.3 |
       Dungeon |    883 |    883 |      0 |      0 |      0 |   3 |  294.3 |
               +--------+--------+--------+--------+--------+-----+--------+

Top non-repeatable levels by time:
     D:2: 444 daAuts
     D:1: 292 daAuts
     D:3: 146 daAuts
